Cogmind - Beta 12 @@@ ROGUE MODE // 2023.04.22 @ 03:07:47 Player: Ms Vella Result: Destroyed by 8R-AWN with 8R-AWN's Boregun Performance ------------- Evolutions (1) 500 Regions Visited (5) 1000 Robots Destroyed (37) 185 Value Destroyed (1206) 1206 Prototype IDs (6) 120 Alien Tech Used (0) 0 Bonus (0) 0 TOTAL SCORE: 3011 Bonus ------- None Cogmind --------- Core Integrity 0/400 Matter 243/300 Energy 100/100 System Corruption 3% Temperature Cool (0) Movement Walking (260) Ox2 Location -9/Exiles Parts ------- > --- POWER (1) -------- (None) > --- PROPULSION (3) --- Aluminum Leg > --- UTILITY (3) ------ Cooling System Large Storage Unit > --- WEAPON (2) ------- Flak Gun Makeshift Sword > --- INVENTORY (15) --- Nuclear Core Nuclear Core Improved Heat Sink Medium Storage Unit Large Matter Pod (140) Machine Analyzer Signal Interpreter Pulse Rifle Pulse Rifle Pulse Rifle Gauss Rifle Rocket Launcher Peak State ------------ > --- POWER ------------ Nuclear Core > --- PROPULSION ------- Aluminum Leg Aluminum Leg Aluminum Leg > --- UTILITY ---------- Improved Heat Sink Large Storage Unit Light Armor Plating > --- WEAPON ----------- Particle Gun Pulse Rifle > --- INVENTORY -------- Nuclear Core Nuclear Core Nuclear Core Aluminum Leg Medium Storage Unit Large Matter Pod Machine Analyzer Visual Processing Unit Signal Interpreter Pulse Rifle Pulse Rifle Pulse Rifle Heavy Assault Rifle Heavy Assault Rifle Autogun [Rating: 19] Favorites ----------- Power Nuclear Core Engine Improved Ion Engine Power Core Nuclear Core Propulsion Aluminum Leg Leg Aluminum Leg Utility Large Storage Unit Device Terrain Scanner Storage Large Storage Unit Processor Terrain Scan Processor Protection Light Armor Plating Weapon Assault Rifle Energy Gun Pulse Rifle Ballistic Gun Assault Rifle Launcher Rocket Launcher Slashing Weapon Makeshift Sword Build | -11 -10 -10 -9 -9 -9 ------- Run | Jun Mat Min Mat Min Exi Slots Evolved 2 | . . . 2 . . Power . | . . . . . . Propulsion 1 | . . . 1 . . Utility 1 | . . . 1 . . Weapon . | . . . . . . Parts Attached 46 | . 12 . 22 7 5 Power 6 | . 2 . 3 1 . Engine 4 | . 2 . 2 . . Core 2 | . . . 1 1 . Reactor . | . . . . . . Propulsion 17 | . 4 . 9 3 1 Treads . | . . . . . . Leg 17 | . 4 . 9 3 1 Wheel . | . . . . . . Hover . | . . . . . . Flight . | . . . . . . Utility 13 | . 4 . 7 2 . Device 6 | . 1 . 3 2 . Storage 2 | . 2 . . . . Processor 1 | . . . 1 . . Hackware . | . . . . . . Protection 4 | . 1 . 3 . . Artifact . | . . . . . . Weapon 10 | . 2 . 3 1 4 Energy Gun 3 | . . . 1 1 1 Energy Cannon . | . . . . . . Ballistic Gun 5 | . 2 . 2 . 1 Ballistic Cannon . | . . . . . . Launcher 1 | . . . . . 1 Special Weapon . | . . . . . . Impact Weapon . | . . . . . . Slashing Weapon 1 | . . . . . 1 Piercing Weapon . | . . . . . . Special Melee Weapon . | . . . . . . Unidentified Prototypes . | . . . . . . Parts Lost 10 | . 1 . 2 . 7 Power 2 | . . . 1 . 1 Propulsion 3 | . . . . . 3 Utility 3 | . 1 . 1 . 1 Weapon 2 | . . . . . 2 Highest Loss Streak 7 | . 1 . 1 . 7 To Critical Strikes . | . . . . . . Average Slot Usage (%) 96 | . 88 100 99 100 94 Engine 7 | . 14 14 5 . . Core 4 | . . . 5 11 11 Leg 31 | . 28 28 33 33 29 Device 7 | . 1 . 10 11 11 Storage 12 | . 14 14 11 11 11 Processor 1 | . . . 4 . . Protection 6 | . 1 14 7 11 9 Energy Gun 7 | . . . 5 21 18 Ballistic Gun 16 | . 27 28 16 . . Naked Turns . | . . . . . . Heaviest Build 38 | 12 34 34 37 38 38 Greatest Support 30 | 20 20 20 30 30 30 Greatest Overweight (x) 1 | . 1 1 1 1 1 Average Overweight (x) . | . . 1 . 1 1 Largest Inventory Capacity 15 | . 15 15 15 15 15 Average Capacity 14 | . 12 15 15 15 15 Most Carried 15 | . 12 12 15 15 15 Average Carried 12 | . 9 12 13 14 14 Final Capacity 15 | 8 15 15 15 15 15 Final Carried 15 | 6 12 12 15 15 12 Class Distribution -------------------- 53% | Mutant 46% | Scavenger-Mutant Dominant Class ---------------- Mutant | -10/Materials Mutant | -10/Mines Scavenger-Mutant | -9/Materials Scavenger-Mutant | -9/Mines Scavenger-Mutant | -9/Exiles Resources | -11 -10 -10 -9 -9 -9 ----------- Run | Jun Mat Min Mat Min Exi Matter Collected 1481 | 200 403 48 699 131 . Remotely . | . . . . . . Salvage Created 1645 | . 497 48 944 119 37 Parts 78 | . 17 3 51 7 . Haulers Intercepted . | . . . . . . Recyclers Shooed . | . . . . . . Parts Field Recycled . | . . . . . . Retrieved Matter . | . . . . . . Parts Self-Destructed . | . . . . . . Prevented . | . . . . . . Kills | -11 -10 -10 -9 -9 -9 ------- Run | Jun Mat Min Mat Min Exi Combat Hostiles Destroyed 37 | . 9 1 20 3 4 Melee 1 | . . . . . 1 Guns 33 | . 9 1 20 3 . AOE 3 | . . . . . 3 Classes Destroyed 8 | . 3 . 4 . 1 Worker 1 | . 1 . . . . Recycler 2 | . 1 . 1 . . Mechanic 1 | . . . 1 . . Swarmer 4 | . . . 4 . . Grunt 21 | . 9 1 8 3 . Brawler 1 | . . . 1 . . Sentry 7 | . . . 7 . . Assembled 4 | . . . . . 4 Best Kill Streak 5 | . 3 1 5 2 4 Combat Bots Only 5 | . 2 1 5 2 4 Max Kills in Single Turn 3 | . 1 1 1 2 3 Gunslinging 1 | . . . . 1 . Exploded 3 | . . . . . 3 Melee 1 | . . . . . 1 Uniques/NPCs Destroyed . | . . . . . . Combat | -11 -10 -10 -9 -9 -9 -------- Run | Jun Mat Min Mat Min Exi Damage Taken 2700 | . 482 96 1159 126 837 Core 502 | . 83 11 175 10 223 Absorbed by Shields . | . . . . . . Regen/Repaired (Parts) 75 | . 75 . . . . Core Remaining (%) 81 | 100 . 62 . . . Volleys Fired 118 | . 38 5 62 9 4 Largest 2 | . 2 2 2 2 1 Hottest 128 | . 40 40 86 128 65 Shots Fired 232 | . 76 10 124 17 5 Gun 231 | . 76 10 124 17 4 Cannon . | . . . . . . Launcher 1 | . . . . . 1 Special . | . . . . . . Kinetic 198 | . 76 10 106 4 2 Thermal 33 | . . . 18 13 2 Explosive 1 | . . . . . 1 Electromagnetic . | . . . . . . Robot Hit Streak 9 | . 9 3 8 9 2 Robot Miss Streak 5 | . 5 2 5 2 3 Penetration Max . | . . . . . . Secondary Targets 4 | . 1 . 2 1 . Max Gunslinging Chain 1 | . 1 . 1 1 . Shots Hit Robots 142 | . 44 6 73 13 6 Core Hits 75 | . 23 2 39 4 7 Critical Kills . | . . . . . . Critical Parts Destroyed 2 | . . . 1 1 . Critical Strikes 2 | . . . 1 1 . Destroy 2 | . . . 1 1 . Melee Attacks 4 | . . . . . 4 Impact . | . . . . . . Slashing 4 | . . . . . 4 Piercing . | . . . . . . Sneak Attacks . | . . . . . . Combat Hostiles . | . . . . . . Follow-up Attacks . | . . . . . . Damage Inflicted 2243 | . 567 77 1011 208 380 Guns 1902 | . 567 77 1011 208 39 Cannons . | . . . . . . Explosions 212 | . . . . . 212 Melee 129 | . . . . . 129 Ramming . | . . . . . . Kinetic 1533 | . 567 77 793 57 39 Thermal 369 | . . . 218 151 . Explosive 212 | . . . . . 212 Electromagnetic . | . . . . . . Impact . | . . . . . . Slashing 129 | . . . . . 129 Piercing . | . . . . . . Highest Corruption 3 | . . . 3 3 3 Average Corruption 2 | . . . 2 3 3 Corruption Purged . | . . . . . . Corruption Blocked . | . . . . . . Effects 60 | . . . 26 31 3 Message Errors 18 | . . . 6 12 . Matter Fused 15 | . . . 10 4 1 Heat Flow Errors 9 | . . . 3 5 1 Energy Discharges 4 | . . . 1 3 . Data Loss (minor) 6 | . . . 4 2 . Data Loss (major) 4 | . . . . 4 . Misfires 2 | . . . 1 . 1 Weapon Failures 2 | . . . 1 1 . Overload Shots . | . . . . . . Overflow Damage 39 | . . . . . 39 Projectiles . | . . . . . . Explosions . | . . . . . . Melee 39 | . . . . . 39 Knockbacks . | . . . . . . Impact . | . . . . . . Kinetic . | . . . . . . Secondary . | . . . . . . Self-Inflicted Damage . | . . . . . . Shots . | . . . . . . Rammed . | . . . . . . Targets Rammed 1 | . . . 1 . . Kicked 1 | . . . 1 . . Crushed . | . . . . . . Highest Temperature 234 | . 2 3 121 234 179 Average Temperature 37 | . 2 3 24 66 101 Received Heat Transfer 888 | . 267 54 498 69 . Siege Activations . | . . . . . . Robots Corrupted . | . . . . . . Combat Hostiles . | . . . . . . Parts Fried . | . . . . . . Impact Corruptions . | . . . . . . Robots Melted . | . . . . . . Combat Hostiles . | . . . . . . Parts Melted 1 | . . . 1 . . Heat Transferred 814 | . . . 481 333 . Parts Sabotaged . | . . . . . . Parts Stolen . | . . . . . . Parts Stripped . | . . . . . . Power Chain Reactions . | . . . . . . Missiles Intercepted . | . . . . . . Alert | -11 -10 -10 -9 -9 -9 ------- Run | Jun Mat Min Mat Min Exi Peak Influence 311 | . 170 35 311 186 . Initial 121 | . . . 13 121 . Average 88 | . 52 4 155 54 . Maximum Alert Level 1 | . . . 1 . . Low Security (%) 88 | . 100 100 69 100 . Level 1 11 | . . . 30 . . Level 2 . | . . . . . . Level 3 . | . . . . . . Level 4 . | . . . . . . Level 5 . | . . . . . . High Security . | . . . . . . Max Security . | . . . . . . Squads Dispatched 4 | . 1 . 2 1 . Investigation 2 | . . . 1 1 . Extermination . | . . . . . . Reinforcement 2 | . 1 . 1 . . Assault . | . . . . . . Garrison . | . . . . . . Intercept . | . . . . . . Searches Triggered . | . . . . . . Construction Impeded . | . . . . . . Haulers Reinforced . | . . . . . . Active Scanning Responses . | . . . . . . Cargo Convoy Interrupts . | . . . . . . Stealth | -11 -10 -10 -9 -9 -9 --------- Run | Jun Mat Min Mat Min Exi Distress Signals 6 | . 3 . 3 . . Communications Jammed . | . . . . . . Distress Signals . | . . . . . . Times Spotted 81 | . 25 3 41 5 7 Peak Tracking Total 9 | . 5 2 5 3 9 Tactical Retreats 4 | . 2 1 1 . . Traps | -11 -10 -10 -9 -9 -9 ------- Run | Jun Mat Min Mat Min Exi Traps Triggered 3 | . . . 3 . . Indirectly . | . . . . . . Trap Hack Attempts . | . . . . . . Triggered . | . . . . . . Disarmed 1 | . 1 . . . . Reprogrammed . | . . . . . . Reused . | . . . . . . Traps Extracted . | . . . . . . Installed . | . . . . . . Triggered . | . . . . . . Machines | -11 -10 -10 -9 -9 -9 ---------- Run | Jun Mat Min Mat Min Exi Machines Disabled 3 | . . . 1 . 2 Max in Single Turn 1 | . . . 1 . 1 Machines Repaired . | . . . . . . Machines Sabotaged . | . . . . . . Overloaded Fab Kills . | . . . . . . Hacking | -11 -10 -10 -9 -9 -9 --------- Run | Jun Mat Min Mat Min Exi Machines Accessed 16 | . 8 . 7 1 . Terminals 12 | . 7 . 5 . . Fabricators . | . . . . . . Repair Stations 1 | . 1 . . . . Recycling Units . | . . . . . . Scanalyzers 2 | . . . 2 . . Garrison Access . | . . . . . . Total Hacks 49 | . 25 . 23 1 . Successful 33 | . 15 . 17 1 . Failed 15 | . 10 . 5 . . Catastrophic 1 | . 1 . . . . Database Lockouts 1 | . . . 1 . . Manual 25 | . 18 . 7 . . Terminals 35 | . 23 . 12 . . Fabricators . | . . . . . . Repair Stations 2 | . 2 . . . . Recycling Units . | . . . . . . Scanalyzers 11 | . . . 11 . . Garrison Access . | . . . . . . Terminal Hacks 15 | . 10 . 4 1 . Record 2 | . . . 2 . . Prototype ID Bank 4 | . 3 . 1 . . Open Door 1 | . . . . 1 . Branch Access Points 2 | . 1 . 1 . . Alert Level 1 | . 1 . . . . Locate Traps 1 | . 1 . . . . Disarm Traps 1 | . 1 . . . . Zone Layout 3 | . 3 . . . . Fabricator Hacks . | . . . . . . Repair Station Hacks 2 | . 2 . . . . Scan Component 1 | . 1 . . . . Repair 1 | . 1 . . . . Recycling Unit Hacks . | . . . . . . Scanalyzer 10 | . . . 10 . . Insert Component 5 | . . . 5 . . Analyze 5 | . . . 5 . . Garrison Access Hacks . | . . . . . . Unauthorized Hacks 6 | . 3 . 3 . . Terminals 6 | . 3 . 3 . . Botnet 6 | . 3 . 3 . . Fabricators . | . . . . . . Repair Stations . | . . . . . . Recycling Units . | . . . . . . Scanalyzers . | . . . . . . Garrison Access . | . . . . . . Data Cores Recovered . | . . . . . . Used . | . . . . . . Hacking Detections 12 | . 6 . 6 . . Full Trace Events . | . . . . . . Feedback Events . | . . . . . . Feedback Blocked . | . . . . . . Robot Schematics Acquired . | . . . . . . Robots Built . | . . . . . . Authchips . | . . . . . . Time . | . . . . . . Total Robot Build Rating . | . . . . . . Part Schematics Acquired 4 | . . . 4 . . Parts Built . | . . . . . . Authchips . | . . . . . . Time . | . . . . . . Total Part Build Rating . | . . . . . . Parts Repaired 1 | . 1 . . . . Time 26 | . 26 . . . . Parts Recycled . | . . . . . . Recycled Matter . | . . . . . . Retrieved Matter . | . . . . . . Retrieved Components . | . . . . . . Parts Scanalyzed 4 | . . . 4 . . Part Schematics Acquired 4 | . . . 4 . . Parts Damaged . | . . . . . . Bothacking | -11 -10 -10 -9 -9 -9 ------------ Run | Jun Mat Min Mat Min Exi Used RIF Installer . | . . . . . . Robots Hacked . | . . . . . . Non-combat . | . . . . . . Combat . | . . . . . . Robot Hacks Applied . | . . . . . . Relay Couplers Released . | . . . . . . Fabnet Peak Effective % . | . . . . . . Robots Rewired . | . . . . . . Allies Hacked . | . . . . . . Hacks Repelled . | . . . . . . Allies | -11 -10 -10 -9 -9 -9 -------- Run | Jun Mat Min Mat Min Exi Total Allies . | . . . . . . Largest Group . | . . . . . . Highest-Rated Group . | . . . . . . Highest-Rated Ally . | . . . . . . Total Orders . | . . . . . . Ally Attacks . | . . . . . . Total Damage . | . . . . . . Kills . | . . . . . . Allies Corrupted . | . . . . . . Allies Melted . | . . . . . . Intel | -11 -10 -10 -9 -9 -9 ------- Run | Jun Mat Min Mat Min Exi Robot Analysis Total . | . . . . . . Derelict Logs Recovered 5 | . . 2 . 3 . Drone Launches . | . . . . . . Drone Recoveries . | . . . . . . Exploration | -11 -10 -10 -9 -9 -9 ------------- Run | Jun Mat Min Mat Min Exi Turns Passed 5385 | . 1637 323 1970 1354 101 Spaces Moved 2582 | 1 863 163 868 645 42 Core . | . . . . . . Treads . | . . . . . . Legs 2582 | 1 863 163 868 645 42 Wheels . | . . . . . . Hover . | . . . . . . Flight . | . . . . . . Fastest Speed 120 | 120 120 190 120 190 190 Average Speed 179 | 120 160 190 189 190 190 Slowest Speed 190 | 120 190 190 190 190 190 Overloaded Moves . | . . . . . . Propulsion Burnouts . | . . . . . . Robots Hopped . | . . . . . . Cave-ins Triggered . | . . . . . . Exploration Rate (%) 51 | 2 90 41 66 99 13 Regions Visited 5 Branch Regions 3 Pre-discovered Areas 3 | . . 1 . 2 . Known Exits Taken 2 | . 1 . 1 . . Unknown Exits Taken 3 | 1 . 1 . 1 . Scrap Searched 1 | . . . . 1 . Spaces Dug . | . . . . . . Terrain Destroyed 2 | . . . . . 2 Melee . | . . . . . . Projectile . | . . . . . . AOE 2 | . . . . . 2 Terrain Rammed . | . . . . . . Walls Destroyed . | . . . . . . Machines Disabled . | . . . . . . Actions | -11 -10 -10 -9 -9 -9 --------- Run | Jun Mat Min Mat Min Exi Total 3105 | . 1046 167 1075 762 55 Wait 276 | . 109 . 85 82 . Move 2577 | . 862 162 867 644 42 Hop . | . . . . . . Pick Up 34 | . 11 . 16 7 . Fast Attach 13 | . 6 . 5 2 . Attach 7 | . . . 4 . 3 Detach 1 | . . . 1 . . Swap 26 | . 6 . 13 5 2 Drop 48 | . 14 . 21 13 . Fire 118 | . 38 5 62 9 4 Melee 4 | . . . . . 4 Ram . | . . . . . . Kick 1 | . . . 1 . . Crush . | . . . . . . Escape Stasis . | . . . . . . Rewire . | . . . . . . Trap . | . . . . . . Miscellaneous . | . . . . . . Route ------- -11/Junkyard -10/Materials (discovered 5 exits: *Mat x3 / *Min x2) -10/Mines -9/Materials (discovered 4 exits: *Mat x3 / *Min) -9/Mines (discovered 3 exits: *Mat x2 / [*Exi]) -9/Exiles History --------- Turn | Location | Event 1 | -11/Junkyard | Discovered new exit (range 0) 1 | -11/Junkyard | Entered Materials 231 | -10/Materials | Discovered new exit (range 13) 312 | -10/Materials | Build established: Mutant 331 | -10/Materials | Identified exit to Mines 371 | -10/Materials | Discovered new exit (range 16) 816 | -10/Materials | Discovered new exit (range 11) 1378 | -10/Materials | Repaired Assault Rifle 1638 | -10/Materials | Entered Mines 1639 | -10/Mines | Assembled infested the area 1644 | -10/Mines | Assisted by a Guerilla fighting off Assembled 1703 | -10/Mines | Learned location of Zion (-7) 1711 | -10/Mines | Met a Derelict bent on vengeance 1758 | -10/Mines | Found a hidden stash of uninstalled traps 1929 | -10/Mines | Discovered new exit (range 9) 1950 | -10/Mines | Learned 8 Materials zone layouts 1961 | -10/Mines | Entered Materials 1961 | -9/Materials | Evolved 2 slots: Propulsion x1, Utility x1 1962 | -9/Materials | Identified exit to Materials 1962 | -9/Materials | Identified exit to Mines 2729 | -9/Materials | Discovered exit to Materials (range 5) 3192 | -9/Materials | Build established: Scavenger-Mutant 3867 | -9/Materials | Central database locked down 3931 | -9/Materials | Entered Mines 4050 | -9/Mines | Learned Materials trap positions 4294 | -9/Mines | Deemed a non-threat by the Exiles lab entrance 4294 | -9/Mines | Discovered new exit (range 5) 4563 | -9/Mines | Discovered exit to Materials (range 9) 4587 | -9/Mines | Met a Derelict shopkeep closing up shop 4780 | -9/Mines | A weapon hastily lodged in a ceiling crevice suddenly fell to the ground 4949 | -9/Mines | Discovered exit to Materials (range 6) 5008 | -9/Mines | Received a Rocket Launcher from a helpful Derelict 5285 | -9/Mines | Entered Exiles 5335 | -9/Exiles | Met 8R-AWN 5361 | -9/Exiles | Attacked by the Exiles 5364 | -9/Exiles | Core integrity fell below 50% 5380 | -9/Exiles | Core integrity fell below 20% 5386 | -9/Exiles | Destroyed by 8R-AWN with 8R-AWN's Boregun Last Messages --------------- 05377_ HV Slug penetrates Wall. 05377_ Penetrated by HV Slug. 05377_ HV Slug penetrates Wall. 05377_ Aluminum Leg destroyed. 05379_ Penetrated by HV Slug. 05379_ HV Slug penetrates Wall. 05379_ Penetrated by HV Slug. 05379_ HV Slug penetrates Wall. 05379_ Destroyed Asb. Blade. 05379_ as-73602 destroyed. 05381_ Penetrated by HV Slug. 05381_ HV Slug penetrates Wall. 05381_ Penetrated by HV Slug. 05381_ HV Slug penetrates Wall. 05383_ HV Slug penetrates Machine. 05383_ Penetrated by HV Slug. 05383_ HV Slug penetrates Wall. 05385_ Wall collapses. 05385_ Nuclear Core destroyed. 05386_ Penetrated by HV Slug. Map ----- +----------------------------------------------------+ | ?????????????????????????????????????????????????? | | ?????????????????????????????????????????????????? | | ?????????????????????????????????????????????????? | | ?????????????????????????????????????????????????? | | ?????????????????????????????????????????????????? | | ?????????????????????????????????????????????????? | | ?????????????????????????????????????????????????? | | ?????????????????????????????????????????????????? | | ?????????????????????????????????????????????????? | | ?????????????????????????????????????????????????? | | ?????????????????????????????????????????????????? | | ?????????????????????????????????????????????????? | | ?????????????????????????????????????????????????? | | ?????????????????????????????????????????????????? | | ?????????????????????????????????????????????????? | | ?????????????????????????????????????????????????# | | ???????????????????????????????????????????????## | | ???????????????????????????????????????????????# | | ???????????????????????????#####???????????????# | | ??????????????????????????##" #??????????????## | | ??????????????????????????#" #?????????????## | | ?????????????????????????## ##????????????# | | ???????????????????????### g ###????????### | | ???????????????????????# ########## | | ??????????????????????## #""""## | | ????????? ### %@ * | | ????????? ## * | | ????????? #### | | ????????? "#?#"""""#### | | ?????????? ; ""##?#######??#### * | | ?????????? ;;####??????????????##### | | ??????????? #;#??????????????????????### | | ?????????? #; ?????????????????????????### | | ??????????? a%% "# ????????????????????????????# | | ??????????? % "?##????????????????????????????? | | ????????????""" ????????????????????????????????? | | ??????????????##?????????????????????????????????? | | ?????????????????????????????????????????????????? | | ?????????????????????????????????????????????????? | | ?????????????????????????????????????????????????? | | ?????????????????????????????????????????????????? | | ?????????????????????????????????????????????????? | | ?????????????????????????????????????????????????? | | ?????????????????????????????????????????????????? | | ?????????????????????????????????????????????????? | | ?????????????????????????????????????????????????? | | ?????????????????????????????????????????????????? | | ?????????????????????????????????????????????????? | | ?????????????????????????????????????????????????? | | ?????????????????????????????????????????????????? | +----------------------------------------------------+ Best States ------------- Heat Dissipation 50 Energy Generation 14 Energy Capacity 265 Matter Stores 300 Matter Capacity 300 Sight Range 16 Terrain Scan Range 14 Terrain Scan Density 85 Armor Coverage 150 Evasion (%) 55 Item Schematics ----------------- Lgt. Armor Plating | -9/Materials | Scanalyzed Aluminum Leg | -9/Materials | Scanalyzed Med. Storage Unit | -9/Materials | Scanalyzed Signal Interpreter | -9/Materials | Scanalyzed Robot Schematics ------------------ None Fabricated ------------ Nothing Alien Tech Used ----------------- None Achievements -------------- None Challenges ------------ None Game ------ Seed HoverAssemblyRail Manual? 0 Play Time 00:41:56 Cumulative 1048.0 hours Start 2023.04.22 @ 01:56:04 End 2023.04.22 @ 03:07:47 Sessions 1 Manual Loads 0 Difficulty Rogue Special Mode None Game No. 226 Rogue 10 Adventurer 216 Explorer 0 Win Type - Total 5 Types 4/0/1/0/0/0/0/0/0 Lore% 71 Gallery% 84 Achievement% 66 Wizard Run 0 Options --------- ASCII 0 Keyboard 0 Movement Mouse Keybinds 0 Fullscreen 0 Font 16/SmallcapsGlow Map View 76x50 Tactical HUD 1 Map Filters NONE Filters BRIGHTNESS(125)|SATURATION(75)|LOW_CONTRAST(13,24,33)|SHIFT_HUE(130) Steam 1 RUN: 2586a9df-3750-40c8-924a-b2ac7ecf227a